 Dungeon Crawl Stone Soup version 0.25.1-11-g244df3a29b (webtiles) character file.

Game seed: 9221727477534703260

539 DeepDeath the Cudgeler (level 7, -4/41 HPs)
             Began as a Gargoyle Abyssal Knight on Jan 3, 2024.
             Was a Believer of Lugonu.
             Slain by an ogre
             ... wielding a +0 giant club
              (20 damage)
             ... on level 5 of the Dungeon.
             The game lasted 00:13:24 (4804 turns).

DeepDeath the Cudgeler (Gargoyle Abyssal Knight)    Turns: 4804, Time: 00:13:24

Health: -4/41      AC:  8    Str: 18    XL:     7   Next: 26%
Magic:  8/8        EV: 11    Int: 12    God:    Lugonu [**....]
Gold:   240        SH:  0    Dex:  9    Spells: 6/6 levels left

rFire    . . .     SeeInvis .   a - +1 mace
rCold    . . .     Gourm    .   (no shield)
rNeg     + . .     Faith    .   b - +0 leather armour
rPois    ∞         Spirit   .   (no helmet)
rElec    +         Reflect  .   (no cloak)
rCorr    .         Harm     .   (no gloves)
MR       .....                  (no boots)
Stlth    +.........             (no amulet)
HPRegen  0.13/turn              (no ring)
MPRegen  0.11/turn              (no ring)

@: no status effects
A: negative energy resistance 1, electricity resistance, unbreathing,
petrification resistance, rot immunity, AC +4
a: Depart the Abyss, Bend Space, Renounce Religion


You were on level 5 of the Dungeon.
You worshipped Lugonu.
Lugonu was pleased with you.
You were not hungry.

You visited 1 branch of the dungeon, and saw 5 of its levels.
You visited the Abyss 1 time.

You collected 240 gold pieces.

Inventory:

Hand Weapons
 a - a +1 mace (weapon)
 p - a +1 flail
 r - a +0 war axe
Missiles
 f - 37 arrows
 g - 8 poisoned darts
 k - 6 javelins
 s - 5 boomerangs (quivered)
 u - 29 bolts
 x - 32 sling bullets
Armour
 b - a +0 leather armour (worn)
 l - a +0 scale mail
Jewellery
 B - a +6 ring of intelligence
Wands
 A - a wand of iceblast (5)
Scrolls
 d - 2 scrolls of amnesia
 e - 3 scrolls of enchant armour
 m - a scroll of magic mapping
Potions
 h - 2 potions of lignification
 i - a potion of stabbing
 j - 4 potions of curing
 o - a potion of ambrosia
 q - a potion of resistance
 t - a potion of brilliance
 w - a potion of magic
Comestibles
 c - 10 rations


   Skills:
 - Level 3.2 Fighting
 * Level 7.3 Maces & Flails
 - Level 2.0 Throwing
 - Level 2.1 Armour
 - Level 0.7 Dodging
 - Level 2.0 Invocations


You had 6 spell levels left.
You didn't know any spells.
Your spell library was empty.

Dungeon Overview and Level Annotations

Branches:
Dungeon (5/15)
 Temple: D:4-7

Altars:
Elyvilon
Hepliaklqana
Uskayaw
Vehumet
Zin
The Shining One

Annotations:
D:2 Sigmund
D:3 1 runed translucent door, qqq123's ghost, amateur GrFi


Innate Abilities, Weirdness & Mutations

You are resistant to torment.
Your stone body is resilient. (AC +4)
You are immune to poison.
You resist negative energy. (rN+)
You are resistant to electric shocks. (rElec)
You can survive without breathing.
You are immune to petrification.
You are immune to rotting.


Message History

The ogre is severely wounded.
The ogre closely misses you.
You barely miss the ogre.
The ogre is severely wounded.
The ogre hits you with a +0 giant club!!
Ouch! That really hurt!
You are too injured to fight recklessly!
You are too injured to fight recklessly!
You are too injured to fight recklessly!
You are too injured to fight recklessly!
You are too injured to fight recklessly!
You hit the ogre.
The ogre is almost dead.
You hit the ogre.
The ogre is almost dead.
The ogre hits you with a +0 giant club.
You hit the ogre.
The ogre is almost dead.
The ogre hits you with a +0 giant club!!
You die...

..........#.#.#
##.######)#.#.#
#.#.#.# ####.#.#.#
.######....#.#.#
.............#.#
######.....#####.#
#....+.....# #.#
#@##.#.....#####.#
#O##.............#
#o##.#######......
#.................
.....#.###.#.#####
#..(>.<.........
...#.###o##.....
.#..... .+......
#.#....# #......


You could see an ogre and an orc.

Vanquished Creatures
  A phantom (D:5)
  A centaur (D:5)
  A big kobold (D:4)
  2 orc priests
  An orc wizard (D:3)
  A bullfrog skeleton (D:5)
  A worker ant (D:5)
  7 adders
  An ooze (D:4)
  An adder skeleton (D:3)
  2 worms
  A dart slug (D:1)
  A leopard gecko (D:4)
  13 orcs
  3 ball pythons
  4 bats
  4 giant cockroaches
  3 goblins
  14 hobgoblins
  4 jackals
  A quokka (D:3)
  9 frilled lizards
  8 kobolds
  11 rats
  A plant (D:4)
96 creatures vanquished.

Notes
Turn   | Place    | Note
-------+----------+-------------------------------------------
     0 | Abyss:1  | DeepDeath the Gargoyle Abyssal Knight began the quest for
                  | the Orb.
     0 | Abyss:1  | Reached XP level 1. HP: 14/14 MP: 2/2
    44 | Abyss:1  | Noticed a small abomination
    55 | D:1      | Escaped the Abyss
   213 | D:1      | Reached XP level 2. HP: 16/19 MP: 3/3
   215 | D:1      | Reached * piety under Lugonu
   358 | D:1      | You fall into a shaft and drop 1 floor!
   401 | D:2      | Found a radiant altar of Vehumet.
   415 | D:2      | Reached skill level 3 in Maces & Flails
   415 | D:2      | Reached skill level 1 in Throwing
   432 | D:2      | Reached XP level 3. HP: 17/23 MP: 4/4
   542 | D:2      | Noticed Sigmund
  1532 | D:2      | Reached XP level 4. HP: 28/28 MP: 5/5
  1604 | D:2      | Found a hide-covered altar of Uskayaw.
  1892 | D:3      | Reached ** piety under Lugonu
  1960 | D:3      | Reached skill level 4 in Maces & Flails
  1968 | D:3      | HP: 2/42 [orc/+0 mace (2)]
  1971 | D:3      | Reached XP level 5. HP: 3/32 MP: 6/6
  2447 | D:3      | Noticed qqq123's ghost (amateur GrFi)
  2450 | D:3      | Found a runed translucent door.
  2575 | D:3      | Reached skill level 5 in Maces & Flails
  3706 | D:4      | Reached XP level 6. HP: 17/37 MP: 7/7
  3917 | D:4      | Reached skill level 6 in Maces & Flails
  4055 | D:4      | Found a hazy altar of Hepliaklqana.
  4064 | D:4      | Found a white marble altar of Elyvilon.
  4075 | D:4      | Found a glowing golden altar of the Shining One.
  4153 | D:4      | Found a glowing silver altar of Zin.
  4371 | D:5      | Entered Level 5 of the Dungeon
  4604 | D:5      | Noticed a phantom
  4707 | D:5      | Killed a phantom
  4707 | D:5      | Reached skill level 7 in Maces & Flails
  4707 | D:5      | Reached XP level 7. HP: 35/41 MP: 8/8
  4804 | D:5      | Slain by an ogre

Illustrated notes

Levels and vault maps discovered:
D:1:      lightli_arrival_chessboard, layout_basic, minmay_tall_x
D:2:      layout_basic, eat_drink_and_be_merry_uskayaw, vehumet_crystals,
          uniq_sigmund
D:3:      layout_loops_ring, hellmonk_ghost_happy_afterlife
D:4:      layout_loops_ring, kennysheep_mini, minmay_overflow_temple_star_quad,
          minmay_misc_feat_plants, lexackson_kobold_supper
D:5:      layout_basic, first_ration, uniq_edmund

Skill      XL: |  1  2  3  4  5  6 |
---------------+-------------------+-----
Maces & Flails | 3 4 5 7 |  7.3
Throwing       | 1 2 |  2.0
Fighting       | |  3.2
Armour         | |  2.1
Dodging        | |  0.7
Invocations    | |  2.0

Action                   |  1- 3 |  4- 6 |  7- 9 || total
-------------------------+-------+-------+-------++-------
Melee: Mace              |    93 |   302 |    14 ||   409
Throw: Dart              |     7 |     9 |       ||    16
       Boomerang         |       |    11 |       ||    11
       Throwing net      |       |       |     1 ||     1
Invok: Depart the Abyss  |     1 |       |       ||     1
  Use: Scroll            |     8 |     8 |     1 ||    17
       Potion            |       |     3 |       ||     3
  Eat: Chunk             |     2 |     8 |       ||    10
       Ration            |       |     1 |       ||     1
Armor: Leather armour    |    35 |   116 |     3 ||   154
       Skin              |       |     9 |       ||     9
Dodge: Dodged            |    67 |   156 |     5 ||   228
